 Dungeon Crawl Stone Soup version 0.27-a0-1065-ge809cff456 (webtiles) character file.

Game seed: 4636615826345185338

9744 Gaff the Thaumaturge (level 11, -20/86 HPs)
             Began as a Djinni Fire Elementalist on Apr 22, 2021.
             Was a Priest of Ashenzari.
             Killed from afar by a rime drake (27 damage)
             ... with a flash freeze
             ... in a Gauntlet.
             The game lasted 01:14:25 (10234 turns).

Gaff the Thaumaturge (Djinni Fire Elementalist)    Turns: 10234, Time: 01:14:26

Health: -20/86     AC: 17    Str: 13    XL:     11   Next: 51%
Gold:   496        EV: 11    Int: 20    God:    Ashenzari [***...] SH:  6 Dex: 20

rFire    + + +     SeeInvis +   p - +2 scimitar (flame)
rCold    x . .     Faith    .   N - +0 buckler "Unveiling Doubts" {Self, Melee} (curse)
rNeg     . . .     Spirit   .   H - +4 scale mail {rF+}
rPois    ∞         Reflect  .   L - +0 helmet "Per Aspera Ad Scientiam" {Range, Melee} (curse)
rElec    .         Harm     .   E - +0 cloak of the Cosmic Seer {Fort, Evo} (curse)
rCorr    .         Rampage  .   n - +0 pair of gloves of the Pangnostic Moon {Melee, Fort} (curse)
Will     +....     Clarity  +   (boots unavailable) Stlth +.........NoTele +
                                (no amulet)
HPRegen  0.24/turn              y - ring "Relativism of Ashenzari" {Dex+6, Self, Evo} (curse)
MPRegen  0.00/turn              T - +6 ring of strength

@: flying
A: fire resistance 2, cold vulnerability 1, float, innate caster, hp casting,
extra vitality 1
a: Renounce Religion, Curse Item, Shatter the Chains


You were in a Gauntlet.
You worshipped Ashenzari.
Ashenzari was most pleased with you.
You visited 3 branches of the dungeon, and saw 13 of its levels.
You also visited: Gauntlet.

You collected 496 gold pieces.

Inventory:

Hand Weapons
 b - a +5 great sword
 p - a +2 scimitar of flaming (weapon)
 u - a +2 dagger of venom
Missiles
 j - 5 throwing nets
 F - 41 poisoned darts
 G - 6 atropa-tipped darts
Armour
 n - the cursed +0 pair of gloves of the Pangnostic Moon (worn) {Melee, Fort}
   (You found it on level 3 of the Dungeon)

   It has a curse which improves the following skills: Melee Combat: Short
   Blades, Long Blades, Axes, Maces & Flails, Polearms, Staves and Unarmed
   Combat.
   Fortitude: Armour and Shields.
 E - the cursed +0 cloak of the Cosmic Seer (worn) {Fort, Evo}
   (You found it on level 9 of the Dungeon)

   It has a curse which improves the following skills: Fortitude: Armour and
   Shields.
   Evocations: Evocations.
 H - a +4 scale mail of fire resistance (worn)
 L - the cursed +0 helmet "Per Aspera Ad Scientiam" (worn) {Range, Melee}
   (You found it on level 6 of the Dungeon)

   It has a curse which improves the following skills: Ranged Combat: Slings,
   Bows, Crossbows and Throwing.
   Melee Combat: Short Blades, Long Blades, Axes, Maces & Flails, Polearms,
   Staves and Unarmed Combat.
 N - the cursed +0 buckler "Unveiling Doubts" (worn) {Self, Melee}
   (You took it off a gnoll sergeant on level 7 of the Dungeon)

   It has a curse which improves the following skills: Introspection: Fighting
   and Spellcasting.
   Melee Combat: Short Blades, Long Blades, Axes, Maces & Flails, Polearms,
   Staves and Unarmed Combat.
Jewellery
 y - the cursed ring "Relativism of Ashenzari" (left hand) {Dex+6, Self, Evo}
   (You found it on level 5 of the Dungeon)

   [ring of dexterity]

   It affects your dexterity (+6).
   It has a curse which improves the following skills: Introspection: Fighting
   and Spellcasting.
   Evocations: Evocations.
 T - a +6 ring of strength (right hand)
Wands
 g - a wand of digging (5)
 i - a wand of mindburst (5)
 t - a wand of iceblast (20)
 P - a wand of polymorph (13)
Scrolls
 d - a scroll of summoning
 k - a scroll of holy word
 r - 2 scrolls of teleportation
 D - a scroll of torment
 K - a scroll of silence
 M - a scroll of blinking
Potions
 a - 3 potions of brilliance
 c - a potion of berserk rage
 e - 4 potions of curing
 l - a potion of might
 m - 2 potions of haste
 z - 3 potions of heal wounds
 B - a potion of lignification
 C - 2 potions of attraction


   Skills:
 - Level 7.9(10.8) Fighting
 + Level 2.6(5.7) Long Blades
 + Level 7.6(10.6) Armour
 + Level 4.4 Dodging
 - Level 1.5 Stealth
 - Level 4.0(6.7) Shields
 * Level 10.2(12.9) Spellcasting
 + Level 3.6(6.2) Evocations


You had 4 spell levels left.
You knew the following spells:

 Your Spells              Type           Power      Damage    Failure   Level
a - Foxfire               Conj/Fire      100%       2x1d9     1%          1
b - Conjure Flame         Conj/Fire      59%        6-21      1%          3
c - Inner Flame           Hex/Fire       59%        N/A       1%          3
d - Sticky Flame          Conj/Fire      59%        2d7       1%          4
e - Fireball              Conj/Fire      29%        3d13      2%          5
f - Beastly Appendage     Tmut           100%       N/A       1%          1
g - Blink                 Tloc           N/A        N/A       1%          2
h - Portal Projectile     Hex/Tloc       100%       N/A       1%          3
i - Summon Ice Beast      Ice/Summ       59%        N/A       1%          4
j - Irradiate             Conj/Tmut      29%        3d23      2%          5
Your spell library was empty.

Dungeon Overview and Level Annotations

Branches:
Dungeon (10/15)            Temple (1/1) D:5            Lair (2/6) D:8
Gauntlet (1/1)
  Swamp: Lair:2-4    Shoals: Lair:2-4     Snake: Lair:2-4    Spider: Lair:2-4
    Orc: D:9-12

Altars:
Ashenzari
Cheibriados
Dithmenos
Elyvilon
Fedhas
Gozag
Hepliaklqana
Kikubaaqudgha
Makhleb
Nemelex Xobeh
Okawaru
Qazlal
Ru
Sif Muna
Trog
Uskayaw
Vehumet
Wu Jian
Xom
Yredelemnul
Zin
The Shining One

Shops:
D:8 ?   D:10 *

Annotations:
D:9 2 runed translucent doors, Erolcha; miami27's ghost, novice GnFi Gauntlet 13 transporters, exclusions: ice statue and orange crystal statue


Innate Abilities, Weirdness & Mutations

You are immune to poison.
Your flesh is very heat resistant. (rF++)
You are vulnerable to cold. (rC-)
You float through the air rather than walking.
You learn spells naturally, not from books.
Your magical power is your life essence.
You have superior vitality. (+4 HP)


Message History

The ice statue glitters chillingly in the dim dungeon light.
The ice statue glitters chillingly in the dim dungeon light.
Press: ? - help, v - describe, . - travel
Here: a death scarab (fire blocked by a translucent stone wall)
The floor.
The death scarab waves its antennae.
The rime drake hisses angrily.
There is a transporter here.
There is a transporter here.
You enter the transporter and appear at another place.
The ice statue gestures at you. The shard of ice hits you!!!
You feel a painful chill!
Ouch! That really hurt!
* * * LOW HITPOINT WARNING * * *
Casting: Blink (safe; 1% risk of failure)
Confirm with . or Enter, or press ? or * to list all spells.
You blink.
* * * LOW HITPOINT WARNING * * *
The rime drake breathes ice at you. The flash freeze hits you!
You feel a painful chill!
* * * LOW HITPOINT WARNING * * *
You are encased in ice.
The rime drake bites you but does no damage.
The ice statue gestures at you. The freezing blast engulfs you!
You feel a terrible chill!
* * * LOW HITPOINT WARNING * * *
You feel much better.
You are engulfed in freezing vapours.
* * * LOW HITPOINT WARNING * * *
The rime drake is engulfed in freezing vapours.
The rime drake bites you but does no damage.
The ice statue gestures.
Casting: Blink (safe; 1% risk of failure)
Confirm with . or Enter, or press ? or * to list all spells.
You blink.
* * * LOW HITPOINT WARNING * * *
The ice encasing you melts away.
The rime drake is engulfed in freezing vapours.
The rime drake breathes ice at you. The flash freeze hits you!!
You feel a painful chill!
You die...

#############
####≈#≈#≈#§#≈#§###########
§#≈#...........#≈#≈#≈#≈#≈###
.§....∩..8..∩.............≈#
.........©.........©......##
####.#########.#########..≈#
phh#.#.......#.#...##○8#..##
.8h#.#.......#.#@.##○Y○#..≈#
..h#.#.#####Z#.#.##k☼#§#..##
.#h#.#...©..B#.#.#.{##☼#..≈#
...#.#.#####.#.#.k.##..#..##
.#.#.#B......#.#..##=..#..≈#
}(.#.#..?©.(.#.#.##k.(.#..##
########################..§#
.........©.........©.#...###
.........©...........#...≈#


You could see a spectral four-headed hydra, a rime drake (catching breath) and a
death scarab.

Vanquished Creatures
  A hydra (Lair:2)
  Maurice (D:9)
  2 cane toads (Lair:1)
  A komodo dragon (Lair:1)
  A troll (D:9)
  A yak (Lair:2)
  A basilisk (Lair:1)
  A vampire (D:9)
  7 water moccasins
  A sky beast (D:5)
  A black bear (D:6)
  3 orc warriors (D:7)
  2 necrophages
  2 ogres (D:4)
  3 centaurs
  A phantom (D:4)
  2 gnoll sergeants
  A bullfrog (D:6)
  2 scorpions
  A water moccasin skeleton (D:5)
  3 killer bees (D:8)
  17 wights
  2 centaur zombies (D:8)
  2 bullfrog zombies (D:6)
  2 hounds
  7 orc priests
  A centaur skeleton (D:6)
  A gnoll shaman (D:6)
  2 jellies (Lair:1)
  2 iguanas
  Natasha (thrice) (D:4)
  3 orc wizards
  A killer bee zombie (D:8)
  2 howler monkey zombies
  15 gnolls
  5 adders
  3 white imps
  2 worms
  3 dart slugs
  21 orcs
  11 ball pythons
  5 bats
  8 endoplasms
  9 giant cockroaches
  5 goblins
  5 hobgoblins
  9 jackals
  6 kobolds
  3 quokkas
  2 frilled lizards
  9 rats
  A foxfire (Lair:1)
205 creatures vanquished.

Vanquished Creatures (collateral kills)
  Gastronok (D:9)
  A hydra (Lair:1)
  Harold (D:8)
  Erica (D:8)
  A cyclops (D:10)
  A slime creature (Lair:1)
  4 wyverns
  2 yaks (Lair:2)
  A basilisk (Lair:1)
  A water moccasin (Lair:2)
  A phantom (D:7)
  3 bullfrogs
  A wight (D:9)
  5 killer bees (D:8)
  5 howler monkeys
  2 jellies (Lair:1)
  An orc priest (D:7)
  A howler monkey skeleton (D:7)
  2 gnolls (D:9)
  2 orcs
  12 endoplasms (Lair:1)
  5 foxfires
54 creatures vanquished.

Vanquished Creatures (others)
  990 foxfires
  13 fungi
  2 plants
  23 withered plants
1028 creatures vanquished.

Grand Total: 1287 creatures vanquished

Notes
Turn   | Place    | Note
-------+----------+-------------------------------------------
     0 | D:1      | Gaff the Djinni Fire Elementalist began the quest for the
                  | Orb.
     0 | D:1      | Reached XP level 1. HP: 15/15 MP: 0/0
   279 | D:1      | Reached skill level 3 in Spellcasting
   279 | D:1      | Reached XP level 2. HP: 1/22 MP: 0/0
   682 | D:1      | Reached skill level 1 in Fighting
   745 | D:1      | Reached XP level 3. HP: 25/27 MP: 0/0
   745 | D:1      | Learned a level 1 spell: Beastly Appendage
  1455 | D:2      | Reached XP level 4. HP: 30/32 MP: 0/0
  1798 | D:2      | Reached XP level 5. HP: 25/38 MP: 0/0
  1798 | D:2      | Learned a level 2 spell: Blink
  2104 | D:2      | Reached skill level 4 in Spellcasting
  2256 | D:3      | Found a glowing drain.
  2585 | D:3      | Reached XP level 6. HP: 45/45 MP: 0/0
  3199 | D:4      | Noticed Natasha
  3202 | D:4      | Killed Natasha
  3252 | D:4      | Noticed Natasha
  3256 | D:4      | Killed Natasha
  3359 | D:4      | Reached skill level 1 in Armour
  3379 | D:4      | Noticed Natasha
  3388 | D:4      | Killed Natasha
  3466 | D:4      | Reached skill level 5 in Spellcasting
  3466 | D:4      | Reached XP level 7. HP: 33/50 MP: 0/0
  3466 | D:4      | Learned a level 3 spell: Portal Projectile
  4124 | D:5      | Entered Level 5 of the Dungeon
  4170 | D:5      | Found a bloodstained altar of Trog.
  4272 | D:5      | Reached XP level 8. HP: 48/58 MP: 0/0
  4462 | D:5      | Reached skill level 6 in Spellcasting
  4521 | D:5      | Found a staircase to the Ecumenical Temple.
  4531 | Temple   | Entered the Ecumenical Temple
  4953 | Temple   | Became a worshipper of Ashenzari the Shackled
  5176 | D:6      | Reached skill level 5 in Fighting
  5456 | D:6      | Reached skill level 7 in Spellcasting
  5456 | D:6      | Reached skill level 1 in Evocations
  5485 | D:6      | Reached XP level 9. HP: 30/65 MP: 0/0
  5485 | D:6      | Learned a level 4 spell: Summon Ice Beast
  6027 | D:7      | Reached skill level 1 in Shields
  6578 | D:7      | Found an opulent altar of Gozag.
  6822 | D:7      | Reached skill level 5 in Armour
  7138 | D:8      | Found a staircase to the Lair.
  7235 | D:8      | Reached skill level 8 in Spellcasting
  7399 | D:8      | Found Ycero's Magic Scroll Emporium.
  7668 | D:8      | Reached * piety under Ashenzari
  7759 | D:8      | Identified the cursed +0 helmet "Per Aspera Ad Scientiam"
                  | {Range, Melee} (You found it on level 6 of the Dungeon)
  8103 | D:8      | Noticed Erica
  8117 | D:8      | Killed Erica
  8118 | D:8      | Reached XP level 10. HP: 73/76 MP: 0/0
  8249 | D:8      | Noticed Harold
  8304 | D:8      | Killed Harold
  8376 | Lair:1   | Entered Level 1 of the Lair of Beasts
  8381 | Lair:1   | Noticed a five-headed hydra
  8390 | Lair:1   | Killed a five-headed hydra
  8439 | D:8      | Reached skill level 9 in Spellcasting
  8511 | D:9      | Found a runed translucent gate.
  8516 | D:9      | Noticed Gastronok
  8520 | D:9      | Noticed miami27's ghost (novice GnFi)
  8544 | D:9      | Killed Gastronok
  8735 | D:9      | Found a stormy altar of Qazlal.
  8830 | D:9      | Reached ** piety under Ashenzari
  8860 | D:9      | Found a runed translucent gate.
  8868 | D:9      | Noticed Maurice
  8890 | D:10     | Entered Level 10 of the Dungeon
  8937 | D:10     | Noticed a cyclops
  8944 | D:10     | Reached skill level 1 in Long Blades
  8944 | D:10     | Reached XP level 11. HP: 82/84 MP: 0/0
  8944 | D:10     | Learned a level 5 spell: Irradiate
  8951 | D:10     | Killed a cyclops
  8970 | D:10     | Found Okoukhev's Assorted Antiques.
  9010 | D:10     | Found a burning altar of Makhleb.
  9072 | D:10     | Noticed a two-headed ogre
  9073 | D:10     | Noticed a cyclops
  9165 | D:9      | Killed Maurice
  9223 | D:9      | Noticed Erolcha
  9384 | Lair:1   | Reached skill level 10 in Spellcasting
  9470 | Lair:1   | Reached *** piety under Ashenzari
 10003 | Lair:2   | Found a gate leading to a gauntlet.
 10027 | Lair:2   | Noticed a six-headed hydra
 10033 | Lair:2   | Killed a six-headed hydra
 10035 | Gauntlet | Entered a Gauntlet
 10035 | Gauntlet | Found a transporter.
 10035 | Gauntlet | Found a transporter.
 10048 | Gauntlet | Found a transporter.
 10065 | Gauntlet | Found a transporter.
 10065 | Gauntlet | Found a transporter.
 10065 | Gauntlet | Noticed a death scarab
 10068 | Gauntlet | Found a transporter.
 10068 | Gauntlet | Found a transporter.
 10069 | Gauntlet | Found a transporter.
 10072 | Gauntlet | Noticed a quicksilver ooze
 10073 | Gauntlet | Noticed a glowing orange brain
 10081 | Gauntlet | Found a transporter.
 10094 | Gauntlet | Noticed a purple ugly thing
 10094 | Gauntlet | Noticed a glowing orange brain
 10097 | Gauntlet | Found a transporter.
 10104 | Gauntlet | Noticed an orange crystal statue
 10107 | Gauntlet | Found a transporter.
 10137 | Gauntlet | Found a transporter.
 10151 | Gauntlet | Identified the amulet "Etarooba" {RegenMP +Inv rCorr Str+6
                  | Int-3}
 10160 | Gauntlet | Found a transporter.
 10171 | Gauntlet | Noticed a necromancer
 10175 | Gauntlet | Found a transporter.
 10234 | Gauntlet | Killed from afar by a rime drake

Illustrated notes

Levels and vault maps discovered:
D:1:      onia_arrival_pyramid, layout_basic, minmay_misc_feat_roman
D:2:      layout_loops_ring
D:3:      layout_loops_corners, portal_sewer_entry_b, amethyst_killhole,
          st_stairs_3, corexii_hall_statues_x
D:4:      layout_cave_pods, serial_park, serial_park_tiny_1, serial_park_tiny_2,
          chequers_serial_rivers_micro_a, minmay_misc_feat_plants,
          kennysheep_dice, uniq_natasha
D:5:      layout_basic, lemuel_coloured_pillars_altar,
          minmay_temple_entry_sparse_star
D:6:      layout_rooms
D:7:      layout_basic, grunt_gozag_breadcrumbs
D:8:      layout_basic, lair_entry_dummy, serial_shops, nicolae_shop_crystal,
          uniq_harold, uniq_erica
D:9:      layout_roguey, nicolae_qazlal_scattered_showers, serial_undead,
          serial_undead_e, serial_undead_b, serial_undead_f, serial_undead_b,
          biasface_ghost_orc_armoury, uniq_erolcha, uniq_maurice, uniq_gastronok
D:10:     cheibrodos_fzero, layout_grid_maze, lemuel_doored_altar,
          zombieorc2_lemuel, serial_shops, shop
Temple:   nicolae_temple_no_exploring_needed
Lair:1:   lemuel_slime, layout_long_grid
Lair:2:   layout_chaotic_city, gauntlet_entry_generic, serial_bayou_pond_a
Gauntlet: gammafunk_gauntlet_mixed_choke_point
          [minmay_gauntlet_arena_77_two_lines,
          minmay_gauntlet_arena_77_chump_sandwich,
          minmay_gauntlet_arena_77_museum,
          gammafunk_gauntlet_arena_arrow_garden,
          minmay_gauntlet_arena_77_squiggly,
          minmay_gauntlet_arena_77_broken_ladder,
          minmay_gauntlet_arena_77_hold_the_fort, gauntlet_exit_hidden_loot]

Skill      XL: |  1  2  3  4  5  6  7  8  9 10 11 |
---------------+----------------------------------+-----
Spellcasting   | 3 4 5 7 8 9 10 | 10.2
Fighting       | 1 2 3 4 5 6 7 |  7.9
Dodging        | 3 4 |  4.4
Armour         | 1 2 4 5 7 |  7.6
Evocations     | 1 2 3 |  3.6
Shields        | 3 4 |  4.0
Long Blades    | 1 2 |  2.6
Stealth        | |  1.5

Action                   |  1- 3 |  4- 6 |  7- 9 | 10-12 || total
-------------------------+-------+-------+-------+-------++-------
Melee: Unarmed           |     1 |       |       |       ||     1
       Spear             |       |     5 |       |       ||     5
       Dagger            |       |     7 |    34 |    10 ||    51
       Scimitar          |       |       |       |    30 ||    30
 Cast: Foxfire           |    52 |   155 |   268 |   172 ||   647
       Blink             |       |     2 |     7 |     7 ||    16
       Conjure Flame     |       |       |    33 |     7 ||    40
       Summon Ice Beast  |       |       |    17 |    48 ||    65
       Inner Flame       |       |       |     7 |     2 ||     9
       Beastly Appendage |       |       |     1 |       ||     1
       Irradiate         |       |       |       |     1 ||     1
Invok: Curse Item        |       |       |     2 |     3 ||     5
  Use: Scroll            |       |     4 |     1 |     1 ||     6
       Potion            |       |       |       |     2 ||     2
 Stab: Distracted        |       |       |       |     1 ||     1
Armor: Robe              |     4 |     5 |     1 |       ||    10
       Leather armour    |       |       |    21 |       ||    21
       Scale mail        |       |       |       |    27 ||    27
Dodge: Dodged            |    18 |    37 |    74 |    43 ||   172
Block: Buckler           |       |       |    15 |    32 ||    47
       Rpst.: Scimitar   |       |       |       |     7 ||     7

Table legend: (Time is in decaauts)
 A = Elapsed time spent in this place.
 B = Non-inter-level travel time spent in this place.
 C = Inter-level travel time spent in this place.
 D = Time resting spent in this place.
 E = Time spent auto-exploring this place.
 F = Levels seen in this place.
 G = Mean time per level.
                   A        B        C        D        E       F      G
               +--------+--------+--------+--------+--------+-----+--------+
         Total |  10246 |   9904 |    342 |   1481 |   4218 |  14 |  731.9 |
       Dungeon |   9125 |   8810 |    315 |   1443 |   3880 |  10 |  912.5 |
        Temple |    116 |    116 |      0 |      0 |      0 |   1 |  116.0 |
          Lair |    805 |    778 |     27 |     38 |    338 |   2 |  402.5 |
      Gauntlet |    198 |    198 |      0 |      0 |      0 |   1 |  198.0 |
               +--------+--------+--------+--------+--------+-----+--------+

Top non-repeatable levels by time:
     D:7: 1539 daAuts
     D:1: 1486 daAuts
     D:8: 1435 daAuts
     D:3: 996 daAuts
     D:4: 964 daAuts
  Lair:1: 736 daAuts
     D:5: 700 daAuts
     D:2: 675 daAuts
     D:9: 580 daAuts
     D:6: 561 daAuts
Gauntlet: 198 daAuts
    D:10: 184 daAuts
  Temple: 116 daAuts
  Lair:2: 69 daAuts
